 Dungeon Crawl Stone Soup version 0.29.1-15-g9cfb28693d (webtiles) character file.

Game seed: 9254829696821191339

329 tizbic2 the Ruffian (level 6, -6/53 HPs)
             Began as a Ghoul Brigand on Apr 23, 2023.
             Was a Believer of Nemelex Xobeh.
             Mangled by a mummy (13 damage)
             ... in an ossuary.
             The game lasted 00:11:47 (3035 turns).

tizbic2 the Ruffian (Ghoul Brigand)                 Turns: 3035, Time: 00:11:48

Health: -6/53      AC: 10    Str: 16 (17) XL:     6   Next: 50%
Magic:  5/5        EV:  6    Int:  5 (6)  God:    Nemelex Xobeh [**....]
Gold:   261        SH:  0    Dex: 19 (22) Spells: 5/5 levels left

rFire   . . .      SeeInvis .     - Unarmed
rCold   + . .      Faith    .   (no shield)
rNeg    + + +      Spirit   .   D - +0 chain mail
rPois   ∞          Reflect  .   p - +0 helmet
rElec   .          Harm     .   c - +0 cloak
rCorr   .          Rampage  .   (no gloves)
Will    .....                   (no boots)
Stlth   ..........              w - amulet of the acrobat
HPRegen 0.00/turn               E - +6 ring of dexterity
MPRegen 0.09/turn               C - +6 ring of dexterity

@: inhibited regen
A: claws 1, cold resistance 1, negative energy resistance 3, inhibited
regeneration, torment resistance 2, devour on kill
a: Renounce Religion, Draw Escape, Draw Destruction, Draw Summoning


You were in an ossuary.
You worshipped Nemelex Xobeh.
Nemelex Xobeh was pleased with you.
You visited 1 branch of the dungeon, and saw 4 of its levels.
You also visited: Ossuary.

You collected 261 gold pieces.

Inventory:

Hand Weapons
 b - a +0 morningstar
 t - a +2 dagger of protection
Missiles
 d - 26 poisoned darts (quivered)
 e - 3 curare-tipped darts
Armour
 c - a +0 cloak (worn)
 f - a +0 pair of gloves
 m - a +0 ring mail
 p - a +0 helmet (worn)
 D - a +0 chain mail (worn)
Jewellery
 a - a ring of protection from cold
 r - an amulet of regeneration
 w - an amulet of the acrobat (around neck)
 A - a ring of willpower
 C - a +6 ring of dexterity (right claw)
 E - a +6 ring of dexterity (left claw)
Wands
 u - a wand of iceblast (2)
Scrolls
 g - 3 scrolls of identify {unknown}
 l - 3 scrolls of enchant weapon {unknown}
 n - 3 scrolls of teleportation {unknown}
 x - a scroll of butterflies {unknown}
 y - a scroll of poison {unknown}
 z - 3 scrolls of amnesia {unknown}
 B - a scroll of blinking {unknown}
Potions
 h - a potion of resistance {unknown}
 i - a potion of curing
 j - 2 potions of flight {unknown}
 k - a potion of might {unknown}
 o - a potion of attraction {unknown}
 q - a potion of mutation {unknown}
 s - a potion of brilliance {unknown}
 v - 2 potions of degeneration


   Skills:
 + Level 4.5 Fighting
 - Level 1.7 Short Blades
 - Level 1.7 Throwing
 - Level 0.8 Dodging
 - Level 4.3 Stealth
 * Level 5.5 Unarmed Combat


You had 5 spell levels left.
You didn't know any spells.
Your spell library contained the following spells:

 Spells                   Type           Power      Damage    Failure   Level
 Frozen Ramparts          Ice            0%         1d1       100%        3
 Summon Ice Beast         Ice/Summ       0%         N/A       100%        4
 Ice Form                 Ice/Tmut       Unusable   N/A       N/A         4

Dungeon Overview and Level Annotations

Branches:
Dungeon (4/15)            Ossuary (1/1)
 Temple: D:4-7

Altars:
Nemelex Xobeh


Innate Abilities, Weirdness & Mutations

You are immune to poison.
You have sharp fingernails.
Your flesh is cold resistant. (rC+)
You are immune to negative energy. (rN+++)
You do not regenerate when monsters are visible.
You are immune to unholy pain and torment.
You thrive by killing the living.


Message History

The kobold zombie barely misses you. x2
You barely miss the kobold zombie. The kobold zombie closely misses you.
You scratch the kobold zombie.
The kobold zombie is severely damaged.
The kobold zombie barely misses you.
You scratch the kobold zombie.
The kobold zombie is lightly damaged.
The kobold zombie hits you but does no damage. x2
You claw the kobold zombie!
You destroy the kobold zombie!
The kobold zombie hits you but does no damage.
You scratch the kobold zombie but do no damage.
The kobold zombie is severely damaged.
You scratch the mummy but do no damage. The kobold zombie barely misses you.
You claw the kobold zombie!
You destroy the kobold zombie!
The kobold zombie hits you but does no damage.
The mummy hits you.
You claw the kobold zombie!
You destroy the kobold zombie!
You scratch the mummy.
The mummy is lightly damaged.
The mummy hits you! The mummy barely misses you.
You scratch the mummy. Your claw misses the mummy.
The mummy is moderately damaged.
You barely miss the mummy.
The mummy is moderately damaged.
The mummy hits you but does no damage. The mummy hits you!
You scratch the mummy.
The mummy is moderately damaged.
The mummy closely misses you.
You claw the mummy!
The mummy is moderately damaged.
The mummy hits you!
* * * LOW HITPOINT WARNING * * *
You scratch the mummy but do no damage.
The mummy is moderately damaged.
The mummy hits you!
You die...
Your body glows with a rainbow of weird colours and disappears.

..........
..........
........#
......#
#....#
#....#
#M...#
#@...#
#.M..#
#....#
#....#
#....#
#.∩∩.#
######


You could see 2 mummies.

Vanquished Creatures
  A scorpion (D:4)
  An orc priest (D:4)
  An iguana (D:3)
  3 gnolls
  6 adders
  A river rat (D:4)
  3 dart slugs
  An orc (D:4)
  6 ball pythons
  5 bats
  5 endoplasms
  10 goblins
  4 hobgoblins
  3 quokkas
  5 frilled lizards
  A gnoll zombie (Ossuary)
  A hobgoblin zombie (Ossuary)
  9 kobolds
  4 kobold zombies (Ossuary)
  An orc zombie (Ossuary)
  5 rats
76 creatures vanquished.

Vanquished Creatures (collateral kills)
  3 gnolls (D:3)
  An adder (D:4)
  3 orcs (D:4)
  An endoplasm (D:2)
  2 goblins (D:2)
  A frilled lizard (D:2)
11 creatures vanquished.

Grand Total: 87 creatures vanquished

Notes
Turn   | Place    | Note
-------+----------+-------------------------------------------
     0 | D:1      | tizbic2 the Ghoul Brigand began the quest for the Orb.
     0 | D:1      | Reached XP level 1. HP: 17/17 MP: 0/0
   117 | D:1      | Found a faded altar of an unknown god.
   144 | D:1      | Reached skill level 1 in Unarmed Combat
   185 | D:1      | Reached XP level 2. HP: 24/25 MP: 1/1
   405 | D:1      | Prayed at the altar of an unknown god.
   405 | D:1      | Became a worshipper of Nemelex Xobeh the Trickster
   405 | D:1      | Reached * piety under Nemelex Xobeh
   446 | D:2      | Reached skill level 2 in Unarmed Combat
   505 | D:2      | Received a gift from Nemelex Xobeh
   585 | D:2      | Reached XP level 3. HP: 19/30 MP: 2/2
   871 | D:2      | Reached skill level 3 in Unarmed Combat
   897 | D:2      | Reached XP level 4. HP: 19/38 MP: 3/3
  1543 | D:3      | Reached XP level 5. HP: 45/45 MP: 4/4
  1546 | D:3      | Reached skill level 4 in Unarmed Combat
  1648 | D:3      | Reached ** piety under Nemelex Xobeh
  2518 | D:4      | Reached skill level 5 in Unarmed Combat
  2518 | D:4      | Reached XP level 6. HP: 52/52 MP: 5/5
  2569 | D:4      | Identified the -1 hand axe of Esueghod {elec, Fragile rN+++
                  | Str-3 Dex+4}
  2999 | D:4      | Found a sand-covered staircase.
  3006 | Ossuary  | Entered an ossuary
  3035 | Ossuary  | Mangled by a mummy

Illustrated notes

Levels and vault maps discovered:
D:1:      minmay_arrival_pointy, layout_rooms, basic_ecumenical_altar
D:2:      layout_loops_ring, minmay_joined_circles
D:3:      layout_loops_ring
D:4:      layout_gridville, lightli_ossuary_entry_decrepit_ruins
Ossuary:  ossuary_tomb_3

Skill      XL: |  1  2  3  4  5 |
---------------+----------------+-----
Unarmed Combat | 1 2 3 5 |  5.5
Fighting       | 3 4 |  4.5
Short Blades   | |  1.7
Throwing       | |  1.7
Dodging        | |  0.8
Stealth        | |  4.3

Action                   |  1- 3 |  4- 6 || total
-------------------------+-------+-------++-------
Melee: Dagger            |    98 |   181 ||   279
       Punch             |     3 |     7 ||    10
       Unarmed           |       |    48 ||    48
Invok: Draw Destruction  |     2 |     4 ||     6
       Draw Summoning    |     1 |     2 ||     3
  Use: Potion            |       |     2 ||     2
 Stab: Sleeping          |     2 |       ||     2
Armor: Robe              |     4 |       ||     4
       Ring mail         |    33 |    42 ||    75
       Chain mail        |       |    86 ||    86
Dodge: Dodged            |    36 |   128 ||   164
